 Dungeon Crawl Stone Soup version 0.15.0-11-g6f4f891 (webtiles) character file.

52 Crauler the Insei (level 3, -1/29 HPs)
             Began as a Draconian Transmuter on Aug 31, 2014.
             Slain by Crazy Yiuf
             ... wielding a +2 quarterstaff of chaos
              (7 damage)
             ... on Level 2 of the Dungeon.
             The game lasted 00:03:53 (1048 turns).

Crauler the Insei (Draconian Transmuter)            Turns: 1048, Time: 00:03:53

HP  -1/29        AC  5     Str 12      XL: 3   Next: 60%
MP   0/6         EV 12     Int 13      God:
Gold 68          SH  0     Dex 12      Spells:  2 memorised,  2 levels left

rFire  . . .     SeeInvis .       - Unarmed
rCold  . . .     Clarity  .     (armour unavailable)
rNeg   . . .     rCorr    .     (no shield)
rPois  .         rRot     .     (helmet restricted)
rElec  .         Spirit   .     (no cloak)
SustAb .         Warding  .     (no gloves)
rMut   .         Stasis   .     (no boots)
Gourm  .                        (no amulet)
MR     .....                    (no ring)
                                (no ring)

@: very slightly contaminated, slowed, very slow, not resistant to hostile
enchantments, very unstealthy
A: unfitting armour, cold-blooded, AC +5
a: no special abilities


You were on level 2 of the Dungeon.
You were not hungry.

You visited 1 branch of the dungeon, and saw 2 of its levels.

You collected 68 gold pieces.

Inventory:

Missiles
 b - 36 arrows
Comestibles
 a - a bread ration
 c - a meat ration
Scrolls
 e - a scroll of blinking {unknown}
 g - 2 scrolls of enchant armour {unknown}
 i - 2 scrolls of remove curse {unknown}
 k - a scroll of fog {unknown}
Jewellery
 h - an uncursed amulet of guardian spirit {unknown}
Potions
 f - 2 potions of curing {unknown}
Books
 d - a book of Changes

   Spells                             Type                      Level
   *Beastly Appendage                 Transmutation                1
   Sticks to Snakes                   Transmutation                2
   *Spider Form                       Transmutation/Poison         3
   Ice Form                           Ice/Transmutation            4
   Blade Hands                        Transmutation                5


   Skills:
 + Level 1.8 Fighting
 + Level 2.3 Dodging
 * Level 3.4 Unarmed Combat
 + Level 2.2 Spellcasting
 * Level 2.5 Transmutations


You had 2 spell levels left.
You knew the following spells:

 Your Spells              Type           Power        Failure   Level  Hunger
a - Beastly Appendage     Trmt           #.....       10%         1    ##.....
b - Spider Form           Trmt/Pois      #.........   52%         3    ####...


Dungeon Overview and Level Annotations

Branches:
Dungeon (2/15)

Altars:

Annotations:
D:2 Crazy Yiuf


Innate Abilities, Weirdness & Mutations

Your plain brown scales are hard (AC +5).
Your body does not fit into most forms of armour.
Your cold-blooded metabolism reacts poorly to cold.


Message History

Confirm with . or Enter, or press ? or * to list all spells.
You miscast Spider Form.
You are very lightly contaminated with residual magic.
You feel weak for a moment.
Casting: Spider Form
Confirm with . or Enter, or press ? or * to list all spells.
You miscast Spider Form.
You feel slightly ill.
Crazy Yiuf hits you with a quarterstaff of chaos!
You feel yourself slow down. Crazy Yiuf closely misses you.
Crazy Yiuf cries, "You leg down broken song, no?"
Crazy Yiuf hits you with a quarterstaff of chaos.
* * * LOW HITPOINT WARNING * * *
Crazy Yiuf burns you.
* * * LOW HITPOINT WARNING * * *
Crazy Yiuf whimpers, "Fluff Orb Guardian arga!"
Things that are here:
a short sword; a kobold corpse Crazy Yiuf hits you with a quarterstaff of chaos!
You die...

............).......>.
.#..###.#......#.#....
...............#......
........#####.####.###
.......###........#..
##.....##.#....)...#
##...............##
#.%..............%
#@#.#...........##
#g#.#...........#
##########...#...........#
........%((...#############
..............#########
......................#
##########...........#
#..>........# #...........#


You could see Crazy Yiuf.

Vanquished Creatures
  2 adders (D:2)
  2 oozes
  3 bats
  2 giant cockroaches (D:1)
  2 goblins (D:1)
  4 hobgoblins
  5 kobolds
  4 giant newts
  2 quokkas
  10 rats
36 creatures vanquished.

Notes
Turn   | Place    | Note
--------------------------------------------------------------
     0 | D:1      | Crauler, the Draconian Transmuter, began the quest for the Orb.
     0 | D:1      | Reached XP level 1. HP: 16/16 MP: 3/3
   101 | D:1      | Reached XP level 2. HP: 12/23 MP: 4/4
   269 | D:1      | HP: 1/23 [goblin/club (6)]
   835 | D:2      | Reached XP level 3. HP: 26/28 MP: 6/6
   840 | D:2      | Learned a level 3 spell: Spider Form
  1017 | D:2      | Noticed Crazy Yiuf
  1048 | D:2      | Slain by Crazy Yiuf

Action                   || total
-------------------------++-------
Melee: Unarmed           ||   143
 Cast: Beastly Appendage ||     3
 Stab: Sleeping          ||     1
  Eat: Chunk             ||     1
